 Dungeon Crawl Stone Soup version 0.26-a0-1126-g3318b609a0 (webtiles) character file.

Game seed: 14461464846350441590

63 kae the Insei (level 3, -2/29 HPs)
             Began as a Demonspawn Monk on Dec 17, 2020.
             Slain by an adder (4 damage)
             ... on level 2 of the Dungeon.
             The game lasted 00:00:56 (1892 turns).

kae the Insei (Demonspawn Monk)                     Turns: 1892, Time: 00:00:57

Health: -2/29      AC: 10    Str: 12    XL:     3   Next: 87%
Magic:  3/3        EV:  3    Int: 11    God:
Gold:   64         SH:  0    Dex: 15    Spells: 2/2 levels left

rFire    . . .     SeeInvis .     - Unarmed
rCold    . . .     Faith    .   (no shield)
rNeg     . . .     Spirit   .   d - +0 plate armour
rPois    .         Reflect  .   (no helmet)
rElec    .         Harm     .   (no cloak)
rCorr    .         Rampage  .   (no gloves)
Will     .....                  (no boots)
Stlth    ..........             (no amulet)
HPRegen  0.09/turn              (no ring)
MPRegen  0.08/turn              (no ring)

@: brilliant, lethally poisoned (-2 -> -12), flying
A: powered by pain 1
a: no special abilities


You were on level 2 of the Dungeon.
You visited 1 branch of the dungeon, and saw 2 of its levels.

You collected 64 gold pieces.

Inventory:

Armour
 a - a +0 robe
 d - a +0 plate armour (worn)
Jewellery
 i - an uncursed ring of stealth {unknown}
 l - an uncursed ring of protection from cold {unknown}
Scrolls
 b - a scroll of teleportation {unknown}
 c - a scroll of noise {unknown}
 f - 2 scrolls of identify {unknown}
 m - a scroll of enchant weapon {unknown}
 n - a scroll of random uselessness {unknown}
Potions
 g - a potion of flight
 h - a potion of mutation {unknown}
 j - 2 potions of curing {unknown}
 k - a potion of cancellation {unknown}
 o - a potion of invisibility {unknown}
 p - 2 potions of attraction {unknown}
 q - a potion of might {unknown}


   Skills:
 + Level 3.5 Fighting
 + Level 0.8 Armour
 - Level 2.6 Dodging
 - Level 1.7 Stealth
 * Level 3.8 Unarmed Combat


You had 2 spell levels left.
You didn't know any spells.
Your spell library was empty.

Dungeon Overview and Level Annotations

Branches:
Dungeon (2/15)

Altars:

Annotations:
D:2 Robin


Innate Abilities, Weirdness & Mutations

You sometimes gain a little power by taking damage.


Message History

You feel sick. The adder bites you.
You are lethally poisoned!
The adder poisons you! The adder bites you.
* * * LOW HITPOINT WARNING * * *
You hit the adder but do no damage.
The adder is almost dead.
* * * LOW HITPOINT WARNING * * *
You feel sick. The adder bites you.
* * * LOW HITPOINT WARNING * * *
* * * LOW HITPOINT WARNING * * *
You feel sick.
It was a potion of brilliance.
You feel clever all of a sudden. The adder barely misses you.
It was a potion of flight.
You feel very buoyant.
You fly up into the air.
* * * LOW HITPOINT WARNING * * *
You feel sick. The adder bites you.
You die...

#...# #####.#.#
#[..# #.#.# #...#
#.#.# ...## #.#.#
...# #...####.# ...#
##.....#.# ...#
#.###.#.# ...#
###.###.#.# ...#
#....##@#.#
...#######....##S#.#
..............##g#.#
...#######....##g).#
#.## #########g#
#..##


gg. ##..# ..... ##.# l.....# ###.## ......# You could see an adder, a hobgoblin
(strong) and a goblin (strong).

Vanquished Creatures
  2 adders (D:2)
  4 dart slugs (D:1)
  2 giant cockroaches
  4 goblins
  5 hobgoblins
  4 jackals (D:2)
  A quokka (D:2)
  A ball python (D:1)
  5 bats (D:1)
  A frilled lizard (D:1)
  4 kobolds
  2 rats
35 creatures vanquished.

Notes
Turn   | Place    | Note
-------+----------+-------------------------------------------
     0 | D:1      | kae the Demonspawn Monk began the quest for the Orb.
     0 | D:1      | Reached XP level 1. HP: 18/18 MP: 1/1
   234 | D:1      | Gained mutation: You sometimes gain a little power by
                  | taking damage. [demonic ancestry]
   234 | D:1      | Reached XP level 2. HP: 9/24 MP: 2/2
  1242 | D:2      | Reached XP level 3. HP: 21/29 MP: 3/3
  1859 | D:2      | Identified the cursed -1 helmet "Ulet Yty" {Will+}
  1859 | D:2      | Noticed Robin
  1892 | D:2      | Slain by an adder

Illustrated notes

Levels and vault maps discovered:
D:1:      minmay_arrival_solitary_statue, layout_basic
D:2:      layout_rooms, minmay_misc_feat_rugged, uniq_robin

Skill      XL: |  1 |
---------------+----+-----
Unarmed Combat | 3 |  3.8
Fighting       | |  3.5
Armour         | |  0.8
Dodging        | |  2.6
Stealth        | |  1.7

Action                   || total
-------------------------++-------
Melee: Unarmed           ||   172
       Punch             ||     1
  Use: Potion            ||     2
 Stab: Sleeping          ||     3
Armor: Robe              ||     2
       Plate armour      ||    97
Dodge: Dodged            ||    50

Table legend: (Time is in decaauts)
 A = Elapsed time spent in this place.
 B = Non-inter-level travel time spent in this place.
 C = Inter-level travel time spent in this place.
 D = Time resting spent in this place.
 E = Time spent auto-exploring this place.
 F = Levels seen in this place.
 G = Mean time per level.
                   A        B        C        D        E       F      G
               +--------+--------+--------+--------+--------+-----+--------+
         Total |   1879 |   1846 |     33 |      0 |   1554 |   2 |  939.5 |
       Dungeon |   1879 |   1846 |     33 |      0 |   1554 |   2 |  939.5 |
               +--------+--------+--------+--------+--------+-----+--------+

Top non-repeatable levels by time:
     D:1: 1147 daAuts
     D:2: 732 daAuts
